 Dungeon Crawl Stone Soup version 0.27-a0-1548-gf8a67e7463 (webtiles) character file.

Game seed: 12833144950297073034

14 BorisBritva322 the Ruffian (level 2, -2/25 HPs)
             Began as a Naga Transmuter on July 14, 2021.
             Slain by an adder (4 damage)
             ... on level 2 of the Dungeon.
             The game lasted 00:02:57 (1370 turns).

BorisBritva322 the Ruffian (Naga Transmuter)        Turns: 1370, Time: 00:02:58

Health: -2/25      AC:  1    Str: 12    XL:     2   Next: 41%
Magic:  5/5        EV: 10    Int: 13    God:
Gold:   36         SH:  0    Dex: 11    Spells: 4/5 levels left

rFire    . . .     SeeInvis +     - Unarmed
rCold    . . .     Faith    .   (no shield)
rNeg     . . .     Spirit   .   a - +0 robe
rPois    +         Reflect  .   (no helmet)
rElec    .         Harm     .   (no cloak)
rCorr    .         Rampage  .   (no gloves)
Will     .....                  (no barding)
Stlth    +.........             (no amulet)
HPRegen  0.08/turn              (no ring)
MPRegen  0.09/turn              (no ring)

@: lethally poisoned (-2 -> -4), very slow
A: AC +0, large, see invisible, deformed body, poison resistance, slowness 2,
spit poison 1, naga tail 1
a: Spit Poison


You were on level 2 of the Dungeon.
You visited 1 branch of the dungeon, and saw 2 of its levels.

You collected 36 gold pieces.

Inventory:

Missiles
 f - 6 curare-tipped darts
Armour
 a - a +0 robe (worn)
Scrolls
 c - 4 scrolls of teleportation {unknown}
 e - 4 scrolls of identify {unknown}
 g - a scroll of vulnerability {unknown}
 h - a scroll of enchant weapon {unknown}
Potions
 b - 2 potions of lignification {unknown}
 d - a potion of might {unknown}


   Skills:
 + Level 1.2 Fighting
 + Level 1.7 Dodging
 + Level 3.3 Unarmed Combat
 + Level 2.0 Spellcasting
 + Level 2.1 Transmutations


You had 4 spell levels left.
You knew the following spells:

 Your Spells              Type           Power      Damage    Failure   Level
a - Beastly Appendage     Tmut           14%        N/A       11%         1

Your spell library contained the following spells:

 Spells                   Type           Power      Damage    Failure   Level
 Wereblood                Tmut           7%         N/A       16%         2
 Spider Form              Tmut/Pois      2%         N/A       43%         3
 Ice Form                 Ice/Tmut       4%         N/A       85%         4


Dungeon Overview and Level Annotations

Branches:
Dungeon (2/15)

Altars:

Shops:
D:1 ![:(=


Innate Abilities, Weirdness & Mutations

Your serpentine skin is tough. (AC +0)
You have supernaturally acute eyesight. (SInv)
Armour fits poorly on your strangely shaped body.
Your system is resistant to poisons. (rPois)
You cover ground very slowly.
You can spit poison.
You have a snake-like lower body.


Message History

You grow a pair of large bovine horns.
The goblin hits you with a +0 club.
You barely miss the goblin. The goblin barely misses you.
You hit the goblin. You headbutt the goblin.
You kill the goblin!
No target in view!
Your transformation is almost over.
Magic restored.
Your horns disappear.
An adder comes into view.
The adder bites you.
You miss the adder. The adder bites you.
You are poisoned.
The adder poisons you!
You closely miss the adder.
You feel sick. The adder bites you. x2
You are too injured to fight recklessly!
You are too injured to fight recklessly!
You are too injured to fight recklessly!
You miss the adder. You punch the adder, but do no damage.
You feel sick. The adder bites you.
You hit the adder but do no damage.
You feel sick. The adder barely misses you.
You hit the adder but do no damage.
You feel sick. The adder closely misses you.
You barely miss the adder.
You feel sick.
You are no longer poisoned.
The adder barely misses you. x2
You hit the adder.
The adder is heavily wounded.
The adder misses you.
You hit the adder.
The adder is severely wounded.
The adder bites you.
* * * LOW HITPOINT WARNING * * *
You are lethally poisoned!
The adder poisons you!
* * * LOW HITPOINT WARNING * * *
You feel sick. The adder barely misses you.
* * * LOW HITPOINT WARNING * * *
You feel sick. The adder bites you.
You die...

#<# #.# #.#
#########.#### #.
#.......#.##.. ##..#
#.#####.#.##..
......#####....#..#.##..
.......@S............<..
##..#######.##.#.##.##..
...........#.##.##..
....................
##########.#.##.##..
#.#.....+..
#######.####..#..
...........#..#..
#.#####.####..###


You could see an adder.

Vanquished Creatures
  A bat (D:1)
  2 endoplasms
  2 goblins
  2 hobgoblins (D:1)
  2 jackals (D:1)
  A quokka (D:1)
  A kobold (D:1)
11 creatures vanquished.

Notes
Turn   | Place    | Note
-------+----------+-------------------------------------------
     0 | D:1      | BorisBritva322 the Naga Transmuter began the quest for the
                  | Orb.
     0 | D:1      | Reached XP level 1. HP: 18/18 MP: 3/3
   115 | D:1      | Found Ireikiopp's Armour Boutique.
   125 | D:1      | Found Reicifidgh's Distillery.
   516 | D:1      | Reached XP level 2. HP: 15/25 MP: 3/5
   642 | D:1      | Found Zistuumm's Book Emporium.
   709 | D:1      | Found Miudd's Weapon Shoppe.
   943 | D:1      | Found Ongurchegg's Jewellery Emporium.
  1370 | D:2      | Slain by an adder

Illustrated notes

Levels and vault maps discovered:
D:1:      dpeg_arrival_water_temple_mockup, layout_rooms, serial_shops,
          nicolae_lakefront_shop, nicolae_shop_statue_plus, shop, shop,
          nicolae_square_shop
D:2:      layout_basic, basic_altar, minmay_fractal_squares_5

Action                   || total
-------------------------++-------
Melee: Unarmed           ||    65
       Headbutt          ||     2
       Punch             ||     1
 Cast: Beastly Appendage ||     4
Armor: Robe              ||     7
       Scale mail        ||     6
Dodge: Dodged            ||    42

Table legend: (Time is in decaauts)
 A = Elapsed time spent in this place.
 B = Non-inter-level travel time spent in this place.
 C = Inter-level travel time spent in this place.
 D = Time resting spent in this place.
 E = Time spent auto-exploring this place.
 F = Levels seen in this place.
 G = Mean time per level.
                   A        B        C        D        E       F      G
               +--------+--------+--------+--------+--------+-----+--------+
         Total |   1573 |   1519 |     54 |      0 |   1361 |   2 |  786.5 |
       Dungeon |   1573 |   1519 |     54 |      0 |   1361 |   2 |  786.5 |
               +--------+--------+--------+--------+--------+-----+--------+

Top non-repeatable levels by time:
     D:1: 1255 daAuts
     D:2: 317 daAuts
